 Dungeon Crawl Stone Soup version 0.19-b1-4-gd8a0a2a (webtiles) character file.

161 pkoi the Slasher (level 5, -3/41 HPs)
             Began as a Formicid Fighter on Oct 30, 2016.
             Slain by Grinder (8 damage)
             ... on level 3 of the Dungeon.
             The game lasted 00:02:54 (2408 turns).

pkoi the Slasher (Formicid Fighter)                 Turns: 2408, Time: 00:02:54

Health: -3/41      AC:  8    Str: 21 (22) XL:     5   Next: 70%
Magic:  5/5        EV:  7    Int:  4 (7)  God:
Gold:   134        SH:  9    Dex:  9 (10) Spells: 0 memorised, 4 levels left

rFire  . . .     SeeInvis +     a - +0 long sword
rCold  . . .     Gourm    .     b - +0 scale mail
rNeg   . . .     Faith    .     c - +0 shield
rPois  .         Spirit   .     (helmet unavailable)
rElec  .         Reflect  .     (no cloak)
rCorr  .         Harm     .     m - +0 pair of gloves
MR     ++...     Clarity  +     (no boots)
Stlth  ..........               (no amulet)
                                (no ring)
                                h - ring of protection from magic

@: no status effects
A: permanent stasis, dig shafts and tunnels, four strong arms, antennae 3,
clarity, magic resistance 1, wild magic 1
a: Dig, Shaft Self


You were on level 3 of the Dungeon.
You were hungry.

You visited 1 branch of the dungeon, and saw 3 of its levels.

You collected 134 gold pieces.

Inventory:

Hand Weapons
 a - a +0 long sword (weapon)
Armour
 b - a +0 scale mail (worn)
 c - a +0 shield (worn)
 m - a +0 pair of gloves (worn)
Jewellery
 h - a ring of protection from magic (left hand)
Scrolls
 e - a scroll of teleportation
 i - 3 scrolls of identify
Potions
 d - a potion of might
 n - a potion of mutation
Comestibles
 f - a bread ration
 g - 3 meat rations
 j - a beef jerky
 k - 5 chunks of flesh


   Skills:
 - Level 3.2 Fighting
 + Level 5.4 Long Blades
 - Level 3.2 Armour
 - Level 3.6 Shields


You had 4 spell levels left.
You didn't know any spells.

Dungeon Overview and Level Annotations

Branches:
Dungeon (3/15)

Altars:

Annotations:
D:3 Grinder


Innate Abilities, Weirdness & Mutations

You are under a permanent stasis effect.
You can dig through walls and to a lower floor.
Your four strong arms can wield two-handed weapons with a shield.
You have a pair of large antennae on your head. (SInv)
You possess an exceptional clarity of mind.
You are resistant to hostile enchantments. (MR+)
Your spells are a little harder to cast, but a little more powerful.


Message History

Grinder is almost dead.
Grinder hits you.
Your shield and scale mail prevent you from hitting Grinder.
Grinder is almost dead.
Grinder gestures at you. You resist with almost no effort.
You barely miss Grinder.
Grinder is almost dead.
Grinder hits you.
* * * LOW HITPOINT WARNING * * *
You writhe in agony.
* * * LOW HITPOINT WARNING * * *
You barely miss Grinder.
Grinder is almost dead.
Grinder says, "You look like you could use a good racking."
Grinder barely misses you. You block Grinder's attack.
You hit Grinder.
Grinder is almost dead.
Grinder hits you!
You die...

#.... .### #...##...#
#.#...... ##+##....#.#
#..........#.##
+..........(..# ##
#.......##.#..#####.
#.......##.#........
#..@....##......##..
.......5................
.####...######.......#..
+..?+...............
#...######..........
#...# #...รท.....# #...#
#.......#.# #...#
#####...#.. #...#.#


You could see Grinder.

Vanquished Creatures
  5 adders (D:2)
  3 oozes
  3 worms (D:2)
  2 dart slugs (D:1)
  2 leopard geckos (D:2)
  6 bats
  3 giant cockroaches
  8 goblins
  14 hobgoblins
  9 jackals
  14 kobolds
  A quokka (D:3)
  2 ball pythons (D:2)
  5 frilled lizards
  9 rats
86 creatures vanquished.

Vanquished Creatures (others)
  4 toadstools (D:1)
4 creatures vanquished.

Grand Total: 90 creatures vanquished

Notes
Turn   | Place    | Note
-------+----------+-------------------------------------------
     0 | D:1      | pkoi the Formicid Fighter began the quest for the Orb.
     0 | D:1      | Reached XP level 1. HP: 18/18 MP: 1/1
    55 | D:1      | Reached XP level 2. HP: 24/24 MP: 2/2
    64 | D:1      | Reached skill level 3 in Long Blades
   100 | D:1      | Reached XP level 3. HP: 10/29 MP: 3/3
  1055 | D:1      | Reached skill level 4 in Long Blades
  1055 | D:1      | Reached XP level 4. HP: 35/35 MP: 4/4
  1635 | D:2      | Reached XP level 5. HP: 41/41 MP: 5/5
  1738 | D:2      | Reached skill level 5 in Long Blades
  1786 | D:2      | Gained mutation: You are resistant to hostile enchantments. (MR+) [potion of mutation]
  1786 | D:2      | Gained mutation: Your spells are a little harder to cast, but a little more powerful. [potion of mutation]
  1786 | D:2      | Gained mutation: You possess an exceptional clarity of mind. [potion of mutation]
  2375 | D:3      | Noticed Grinder
  2408 | D:3      | Slain by Grinder

Skill      XL: |  1  2  3  4  5 |
---------------+----------------+-----
Long Blades    | 3 4 5 |  5.4
Fighting       | |  3.2
Armour         | |  3.2
Shields        | |  3.6

Action                   |  1- 3 |  4- 6 || total
-------------------------+-------+-------++-------
Melee: Long sword        |   102 |   194 ||   296
  Use: Potion            |       |     5 ||     5
       Scroll            |       |     4 ||     4
  Eat: Chunk             |     1 |     4 ||     5
Armor: Scale mail        |    59 |    86 ||   145
Dodge: Dodged            |    41 |    59 ||   100
Block: Shield            |    69 |   103 ||   172
       Rpst.: Long sword |    15 |    17 ||    32
